 Dungeon Sprint DCSS version 0.29.1-12-g30fa7ad0bf (webtiles) character file.

Game seed: 6765275227898667703

2198 Groucho the Unseen (level 9, -9/39 HPs)
             Began as a Spriggan Enchanter on Dec 28, 2022.
             Was a Follower of Dithmenos.
             Shot with a bolt by a yaktaur (29 damage)
             ... in the Dungeon (Sprint II: "The Violet Keep of Menkaure").
             The game lasted 00:04:55 (544 turns).

Groucho the Unseen (Spriggan Enchanter)              Turns: 544, Time: 00:04:57

Health: -9/39      AC:  2    Str:  8    XL:     9   Next: 12%
Magic:  14/26      EV: 19    Int: 17    God:    Dithmenos [*.....]
Gold:   118        SH:  0    Dex: 15    Spells: 4/32 levels left

rFire   . . .      SeeInvis +   a - +1 dagger
rCold   . . .      Faith    .   (no shield)
rNeg    . . .      Spirit   .   b - +0 robe
rPois   .          Reflect  .   (helmet restricted)
rElec   .          Harm     .   (no cloak)
rCorr   .          Rampage  .   (gloves unavailable)
Will    +....      NoTele   +   (boots unavailable)
Stlth   +++++++++.              (no amulet)
HPRegen 0.13/turn               f - ring "Weod" {Fly Stlth+}
MPRegen 0.20/turn               (no ring)

@: flying, wreathed by umbra, very quick
A: very small, no large weapons, unfitting armour, see invisible, speed 3
a: Renounce Religion


You were in the Dungeon.
You worshipped Dithmenos.
Dithmenos was aware of your devotion.
You visited 1 branch You collected 972 gold pieces.
You spent 854 gold pieces at shops.

Inventory:

Hand Weapons
 a - a +1 dagger (weapon)
Armour
 b - a +0 robe (worn)
Jewellery
 f - the ring "Weod" (left hand) {Fly Stlth+}
   (You bought it in a shop in the Dungeon)

   [ring of flight]

   Fly:       It grants you flight.
   Stlth:     It makes you more stealthy.
Scrolls
 i - a scroll of blinking
Potions
 c - a potion of invisibility
 g - 2 potions of magic


   Skills:
 - Level 10.0 Short Blades
 + Level 6.0 Dodging
 - Level 16.0 Stealth
 + Level 12.1 Spellcasting
 * Level 2.7 Conjurations
 + Level 12.7 Hexes
 * Level 3.4 Earth Magic


You had 4 spell levels left.
You knew the following spells:

 Your Spells              Type           Power      Damage    Failure   Level
a - Ensorcelled Hibernat  Hex/Ice        62%        N/A       1%          2
b - Confusing Touch       Hex            52%        N/A       1%          3
c - Dazzling Flash        Conj/Hex       72%        N/A       1%          3
d - Tukima's Dance        Hex            52%        N/A       1%          3
e - Sandblast             Erth           44%        2d11      1%          1
f - Passwall              Tmut/Erth      13%        N/A       4%          2
g - Stone Arrow           Conj/Erth      40%        3d9       6%          3
h - Lee's Rapid Deconstr  Erth           11%        3d9*      41%         5
i - Iron Shot             Conj/Erth      10%        9d3       96%         6

Your spell library contained the following spells:

 Spells                   Type           Power      Damage    Failure   Level


Dungeon Overview and Level Annotations

Branches:
Dungeon (1/1)

Altars:
Cheibriados
Dithmenos
Elyvilon
Fedhas
Gozag
Hepliaklqana
Kikubaaqudgha
Makhleb
Nemelex Xobeh
Okawaru
Qazlal
Ru
Sif Muna
Trog
Uskayaw
Vehumet
Wu Jian
Xom
Yredelemnul
Zin
The Shining One
Jiyva
Lugonu

Shops:
D ::!=(![(?[==(!=

Annotations:
D exclusions: ice statue and oklob plant


Innate Abilities, Weirdness & Mutations

You are very small and have problems with some larger weapons.
You are too small for most types of armour.
You have supernaturally acute eyesight. (SInv)
You cover ground extremely quickly. (Speed+++)


Message History

Increase (S)trength, (I)ntelligence, or (D)exterity?
You feel stronger. x2
Casting: Confusing Touch (safe; 1% risk of failure)
Confirm with . or Enter, or press ? or * to list all spells.
Aiming: Ensorcelled Hibernation (safe; 1% risk of failure)
Press: ? - help, Shift-Dir - straight line, f - hornet
Aim: a hornet (chance to affect: 51%)
The hornet looks drowsy...
The helpless hornet fails to defend itself.
You stick the hornet like a pincushion!!!!
You kill the hornet!
Dithmenos accepts your kill.
You are shrouded in an aura of darkness!
Your Dodging skill increases to level 6!
Your Spellcasting skill increases to level 12!
Your Earth Magic skill increases to level 3!
Unknown command.
Casting: Ensorcelled Hibernation (safe; 1% risk of failure)
Confirm with . or Enter, or press ? or * to list all spells.
Your hands begin to glow red.
The polar bear bites you. The polar bear claws you.
The polar bear barely misses you.
You barely miss the polar bear.
You hit the polar bear but do no damage.
The polar bear barely misses you. x2; The polar bear claws you.
You hit the polar bear but do no damage.
The polar bear appears confused.
You hit the polar bear but do no damage.
The polar bear bites something.
The polar bear claws something.
The polar bear barely misses something.
You catch the helpless polar bear completely off-guard!
You spit the polar bear like a pig!!!
The polar bear is almost dead.
You catch the helpless polar bear completely off-guard!
You skewer the polar bear like a kebab!!!
You kill the polar bear!
Dithmenos accepts your kill.
The yaktaur wields a +0 arbalest.
The yaktaur shoots a bolt.
The bolt hits you!!
Ouch! That really hurt!
You die...

.....# +# #### #### #..# ..#
## ? ..####..## #. $#▓$![)!!
'###÷##..# +. c#▓:?!!?(
.##.#.#..# #..# .#▓=))!(?
<.'###'..####..##†#▓([(!$!
.##.#.#....###..@##▓▓▓▓▓▓▓
'###÷##......~~~~~~~~~~~~~
#.####~~.§...§#+########+###
#..#~~~§~~§.§~#._._._..#~~§#
..##~~~~~~~~.~#.._._._.#~§≈§
+##~~~§≈≈~~~~~#._._._._#~~~~
~~○~°§§§≈≈≈~~~#_._._._.#§~S§
#'○°#~§≈≈≈≈§§§#._._._..#§§~§
..°°##≈≈§###§≈#_._._...#~S§~


You could see a yaktaur.

Vanquished Creatures
  A merfolk siren (D)
  A hornet (D)
  3 polar bears (D)
  2 wyverns (D)
  4 neqoxecs (D)
  2 water moccasins (D)
  4 necrophages (D)
17 creatures vanquished.

Vanquished Creatures (others)
  Menkaure (D)
1 creature vanquished.

Grand Total: 18 creatures vanquished

Notes
Turn   | Place    | Note
-------+----------+-------------------------------------------
     0 | D        | Groucho the Spriggan Enchanter began the quest for the Orb.
     0 | D        | Reached XP level 1. HP: 9/9 MP: 5/5
     3 | D        | Noticed a merfolk siren
     7 | D        | Noticed a wyvern
     7 | D        | Noticed a wyvern
    10 | D        | Noticed a neqoxec
    10 | D        | Noticed a neqoxec
    10 | D        | Noticed a neqoxec
    10 | D        | Noticed a neqoxec
    14 | D        | Noticed a necrophage
    14 | D        | Noticed a necrophage
    14 | D        | Noticed a necrophage
    14 | D        | Noticed a necrophage
    19 | D        | Killed a necrophage
    20 | D        | Reached skill level 8 in Stealth
    20 | D        | Reached skill level 5 in Hexes
    20 | D        | Reached XP level 2. HP: 13/13 MP: 5/8
    20 | D        | Reached XP level 3. HP: 16/16 MP: 6/10
    21 | D        | Killed a necrophage
    22 | D        | Reached skill level 10 in Stealth
    22 | D        | Reached skill level 5 in Spellcasting
    22 | D        | Reached XP level 4. HP: 21/21 MP: 6/12
    24 | D        | Killed a necrophage
    25 | D        | Reached skill level 5 in Short Blades
    25 | D        | Reached skill level 11 in Stealth
    25 | D        | Reached XP level 5. HP: 24/24 MP: 6/14
    27 | D        | Reached skill level 12 in Stealth
    40 | D        | Killed a neqoxec
    41 | D        | Reached skill level 14 in Stealth
    41 | D        | Reached XP level 6. HP: 23/28 MP: 7/17
    42 | D        | Killed a neqoxec
    44 | D        | Killed a neqoxec
    45 | D        | Reached skill level 15 in Stealth
    45 | D        | Reached XP level 7. HP: 27/32 MP: 8/20
    47 | D        | Killed a neqoxec
    48 | D        | Reached skill level 16 in Stealth
    48 | D        | Reached skill level 10 in Hexes
    56 | D        | Killed a wyvern
    59 | D        | Killed a wyvern
    60 | D        | Reached skill level 10 in Spellcasting
    60 | D        | Reached XP level 8. HP: 32/36 MP: 9/23
   148 | D        | Learned a level 2 spell: Ensorcelled Hibernation
   152 | D        | Learned a level 3 spell: Confusing Touch
   156 | D        | Learned a level 3 spell: Dazzling Flash
   160 | D        | Learned a level 3 spell: Tukima's Dance
   164 | D        | Killed a merfolk siren
   165 | D        | Reached skill level 10 in Short Blades
   170 | D        | Found Xuybuw Igyu's Jewellery Shop.
   170 | D        | Found Pigarhiac's Jewellery Boutique.
   170 | D        | Found Cytrax's Jewellery Shop.
   170 | D        | Found Xyilot's Antique Weapon Boutique.
   170 | D        | Found Jibbucaa's Antique Armour Shop.
   170 | D        | Found Wuemapre's Antique Armour Boutique.
   171 | D        | Found Desmoith's Distillery.
   171 | D        | Found Forarie's Weapon Shop.
   171 | D        | Found Zista's Jewellery Boutique.
   171 | D        | Found Betus's Antique Weapon Shop.
   222 | D        | Killed Menkaure
   328 | D        | Found Xinlobar's Distillery.
   328 | D        | Found Cisiz's Magic Scroll Shop.
   328 | D        | Found Ituceori's Distillery.
   328 | D        | Found Quighij's Book Boutique.
   328 | D        | Noticed a polar bear
   383 | D        | Noticed an ice statue
   400 | D        | Noticed a polar bear
   400 | D        | Noticed an oklob plant
   400 | D        | Noticed a fire dragon
   401 | D        | Found Qelonnen's Book Shoppe.
   405 | D        | Noticed an unseen horror
   407 | D        | Noticed a flying skull
   413 | D        | Bought a book of Geomancy for 180 gold pieces
   413 | D        | Bought the Directory of Metal for 320 gold pieces
   415 | D        | Learned a level 1 spell: Sandblast
   418 | D        | Learned a level 2 spell: Passwall
   422 | D        | Learned a level 3 spell: Stone Arrow
   428 | D        | Learned a level 5 spell: Lee's Rapid Deconstruction
   435 | D        | Learned a level 6 spell: Iron Shot
   437 | D        | Bought the ring "Weod" {Fly Stlth+} for 354 gold pieces
   490 | D        | Found a glowing silver altar of Zin.
   490 | D        | Found a radiant altar of Vehumet.
   492 | D        | Found a basalt altar of Yredelemnul.
   492 | D        | Found a glowing golden altar of the Shining One.
   492 | D        | Found a hide-covered altar of Uskayaw.
   492 | D        | Found a sparkling altar of Nemelex Xobeh.
   492 | D        | Found an iron altar of Okawaru.
   494 | D        | Found a shimmering altar of Xom.
   494 | D        | Found a bloodstained altar of Trog.
   494 | D        | Found a burning altar of Makhleb.
   494 | D        | Found an opulent altar of Gozag.
   495 | D        | Found a shimmering blue altar of Sif Muna.
   495 | D        | Found an ornate altar of the Wu Jian Council.
   495 | D        | Found a corrupted altar of Lugonu.
   495 | D        | Found a blossoming altar of Fedhas.
   496 | D        | Noticed a polar bear
   498 | D        | Found an ancient bone altar of Kikubaaqudgha.
   498 | D        | Found a white marble altar of Elyvilon.
   498 | D        | Found a sacrificial altar of Ru.
   499 | D        | Found a shadowy altar of Dithmenos.
   499 | D        | Found a viscous altar of Jiyva.
   499 | D        | Found a stormy altar of Qazlal.
   503 | D        | Found a snail-covered altar of Cheibriados.
   503 | D        | Found a hazy altar of Hepliaklqana.
   508 | D        | Became a worshipper of Dithmenos the Shadowed
   525 | D        | Noticed a yaktaur
   525 | D        | Noticed a hornet
   526 | D        | Noticed a polar bear
   530 | D        | Killed a polar bear
   531 | D        | Reached skill level 5 in Dodging
   531 | D        | Reached skill level 1 in Conjurations
   531 | D        | Reached skill level 1 in Earth Magic
   531 | D        | Noticed a polar bear
   535 | D        | Killed a polar bear
   536 | D        | Reached XP level 9. HP: 29/39 MP: 18/25
   537 | D        | Reached * piety under Dithmenos
   544 | D        | Killed a polar bear
   544 | D        | Shot with a bolt by a yaktaur

Illustrated notes

Levels and vault maps discovered:
D:        the_violet_keep_of_menkaure [sprint2_stairs_cluster_1,
          sprint2_shoproom, sprint2_temple, sprint2_basic_supplies,
          sprint2_obstacle_2, sprint2_obstacle_6, sprint2_obstacle_5,
          sprint2_obstacle_1, sprint2_obstacle_3, sprint2_timed_cluster_1,
          sprint2_smallroom_cluster_1, sprint2_smallroom_final_cluster_1,
          sprint2_transparent_cluster_1, sprint2_second_timed_cluster_1,
          sprint2_sniper_area_1, sprint2_heavy_combat_area_1,
          sprint2_mutation_trap_area_1, sprint2_forest_area_1,
          sprint2_light_combat_area_1, sprint2_behind_water_1,
          sprint2_near_end_vault_1]

Skill      XL: |  1  2  3  4  5  6  7  8  9 |
---------------+----------------------------+-----
Short Blades   | 3 4 5 6 7 9 10 | 10.0
Stealth        | 8 10 11 14 15 16 | 16.0
Spellcasting   | 4 5 6 7 8 10 11 12 | 12.1
Hexes          | 5 6 8 9 10 12 | 12.7
Dodging        | 5 6 |  6.0
Conjurations   | 2 |  2.7
Earth Magic    | 2 3 |  3.4

Action                   |  1- 3 |  4- 6 |  7- 9 || total
-------------------------+-------+-------+-------++-------
Melee: Dagger            |     4 |     6 |    19 ||    29
 Cast: Ensorcelled Hiber |       |       |     8 ||     8
       Confusing Touch   |       |       |     3 ||     3
       Passwall          |       |       |     2 ||     2
  Use: Potion            |     3 |       |     2 ||     5
 Stab: Invisible         |     3 |     2 |       ||     5
       Sleeping          |     1 |     3 |     7 ||    11
       Confused          |       |       |     4 ||     4
Dodge: Dodged            |     2 |     2 |    11 ||    15
